[Event "Late Titled Tuesday Blitz February 8 2022"]
[White "volunteers1998"]
[Black "Kanyamarala, Trisha"]
[BlackFideId "45004722"]
[WhiteElo "2225"]
[BlackElo "2002"]
[Result "1-0"]
[Round "05"]
[TimeControl "180+1"]
[Date "2022.02.09"]
[WhiteClock "0:00:02"]
[BlackClock "0:00:02"]

1. e4 c5 2. Nf3 d6 3. d4 cxd4 4. Nxd4 Nf6 5. Nc3 Nc6 6. Bc4 e6 7. O-O Be7 8. f4 d5 9. exd5 exd5 10. Bb3 O-O 11. Be3 Ng4 12. Nxc6 bxc6 13. Bd4 c5 14. Bf2 Nxf2 15. Rxf2 c4 16. Ba4 Bc5 17. Nxd5 Bxf2+ 18. Kxf2 Be6 19. Ne3 Qh4+ 20. Kg1 Qxf4 21. Qe1 c3 22. b3 Rac8 23. Bb5 Rfd8 24. Bd3 Re8 25. Qf2 Qd6 26. a4 h6 27. Nf5 Bxf5 28. Qxf5 Qd4+ 29. Qf2 Qxf2+ 30. Kxf2 Red8 31. b4 Rd4 32. b5 Kf8 33. a5 Rb8 34. Rb1 Ra4 35. Rb3 Rxa5 36. Rxc3 Rb7 37. Rc8+ Ke7 38. Rg8 Ra2 39. Rxg7 Rd7 40. Ke3 Ra3 41. Rh7 Rc7 42. Kd2 Ra4 43. Rxh6 Rg4 44. g3 Rd4 45. Ra6 Rg4 46. Ke2 Rg5 47. Kf3 Rgc5 48. h4 Kf8 49. g4 Kg7 50. g5 Re5 51. Kf4 Rce7 52. h5 Re1 53. h6+ Kg8 54. Rc6 Rg1 55. Rc8+ 1-0


[Site "https://www.chess.com"]

[Event "Late Titled Tuesday Blitz February 8 2022"]
[White "yondaymebr"]
[Black "Rangel, Daniel"]
[BlackFideId "2124475"]
[WhiteElo "2529"]
[BlackElo "2187"]
[Result "1-0"]
[Round "05"]
[TimeControl "180+1"]
[Date "2022.02.09"]
[WhiteClock "0:00:09"]
[BlackClock "0:00:03"]

1. c4 Nf6 2. Nc3 a6 3. Nf3 c6 4. e3 d5 5. b3 e6 6. Bb2 Nbd7 7. Qc2 Be7 8. Rg1 b5 9. g4 O-O 10. g5 Ne8 11. h4 Nd6 12. Bd3 g6 13. h5 bxc4 14. hxg6 fxg6 15. Bxg6 Nf5 16. Bxf5 Rxf5 17. Nd4 Ne5 18. Nxf5 Nd3+ 19. Ke2 exf5 20. g6 h5 21. Na4 Bf6 22. Bxf6 Qxf6 23. Qc3 Qh4 24. Raf1 f4 25. Qd4 Bg4+ 26. f3 Qh2+ 27. Kd1 Bxf3+ 28. Kc2 Nb4+ 29. Kb2 Nd3+ 30. Ka1 Nb4 31. Qb2 Be4 32. Rc1 Nd3 33. Qf6 Rf8 34. Qe6+ Kh8 35. g7+ Kh7 36. Qh6+ Kxh6 37. gxf8=Q+ 1-0


[Site "https://www.chess.com"]

[Event "Late Titled Tuesday Blitz February 8 2022"]
[White "Aaditya Dhingra"]
[Black "Medeiros Jr, Francisco De Assis"]
[WhiteFideId "25678191"]
[BlackFideId "2114267"]
[WhiteElo "1789"]
[BlackElo "1998"]
[Result "1-0"]
[Round "06"]
[TimeControl "180+1"]
[Date "2022.02.09"]
[WhiteClock "0:00:44"]
[BlackClock "0:00:04"]

1. Nf3 d5 2. c4 e6 3. g3 a6 4. b3 Nf6 5. Bg2 Be7 6. O-O O-O 7. Bb2 Nbd7 8. d3 c6 9. Nbd2 Qa5 10. Qc2 Ba3 11. Bxa3 Qxa3 12. Rac1 Re8 13. e4 dxe4 14. Nxe4 Nxe4 15. dxe4 e5 16. Rfd1 Nc5 17. Nxe5 f6 18. Nd3 Nxe4 19. Nf4 Bf5 20. g4 Bxg4 21. Bxe4 Bxd1 22. Rxd1 Rad8 23. Bxh7+ Kh8 24. Bg6 Qc5 25. Bxe8 Rxd1+ 26. Qxd1 Qg5+ 27. Ng2 1-0


[Site "https://www.chess.com"]

[Event "Late Titled Tuesday Blitz February 8 2022"]
[White "Adewumi, Tanitoluwa"]
[Black "Yang, Cayden"]
[WhiteFideId "30966396"]
[BlackFideId "30967260"]
[WhiteElo "2454"]
[BlackElo "2630"]
[Result "1-0"]
[Round "06"]
[TimeControl "180+1"]
[Date "2022.02.09"]
[WhiteClock "0:00:04"]
[BlackClock "0:00:02"]

1. b3 e5 2. Bb2 Nc6 3. e3 Nf6 4. Bb5 Bd6 5. Nf3 e4 6. Nh4 a6 7. Be2 Be5 8. Bxe5 Nxe5 9. Nf5 O-O 10. d4 exd3 11. cxd3 d5 12. d4 Bxf5 13. dxe5 Ne4 14. O-O f6 15. f3 Nc5 16. Nc3 c6 17. Rc1 Rc8 18. exf6 Qxf6 19. b4 Ne6 20. e4 Bg6 21. exd5 Nf4 22. Bc4 Kh8 23. g3 Nh3+ 24. Kg2 Bf5 25. Ne4 Qh6 26. dxc6 Rxc6 27. Bd5 Rg6 28. Qd2 Qxd2+ 29. Nxd2 Nf4+ 30. Kf2 Nxd5 31. Rc5 Be6 32. Re1 Bg8 33. Nc4 Nb6 34. Ne5 Rgf6 35. f4 h6 36. a4 Kh7 37. a5 Nc8 38. Nd7 Nd6 39. Nxf6+ Rxf6 40. Re7 Nf5 41. Rxb7 Nd6 42. Rb6 Ne4+ 43. Ke3 Nxc5 44. bxc5 Bc4 45. c6 Bb5 46. c7 Bd7 47. Kd4 Rf8 48. Kc5 Rc8 49. Kd6 Bh3 50. Rb8 Kg6 51. Kc6 Kf7 52. Kb7 1-0


[Site "https://www.chess.com"]

[Event "Late Titled Tuesday Blitz February 8 2022"]
[White "Al Hosani, Omran"]
[Black "Bambino Filho, Antonio Carlos"]
[WhiteFideId "9308733"]
[BlackFideId "2113163"]
[WhiteElo "2246"]
[BlackElo "2453"]
[Result "1-0"]
[Round "06"]
[TimeControl "180+1"]
[Date "2022.02.09"]
[WhiteClock "0:00:10"]
[BlackClock "0:00:27"]

1. d4 Nf6 2. c4 e6 3. Nc3 d5 4. cxd5 Nxd5 5. e4 Nxc3 6. bxc3 c5 7. a3 cxd4 8. cxd4 Be7 9. Nf3 O-O 10. Be2 Nd7 11. O-O Nf6 12. e5 Nd5 13. Bd2 b6 14. a4 a5 15. Bd3 Ba6 16. Bxa6 Rxa6 17. Qe2 Ra8 18. Rfc1 Qd7 19. h4 Rfc8 20. Ng5 Bxg5 21. hxg5 Rxc1+ 22. Bxc1 Rc8 23. Be3 Rc3 24. Qb2 Qc7 25. Re1 Qc6 26. Qa1 Nxe3 27. fxe3 Rc2 28. e4 Qc4 29. Qd1 Qc3 30. Rf1 Rd2 31. Qh5 Qxd4+ 32. Kh1 g6 33. Qf3 Rd3 34. Qxf7+ 1-0


[Site "https://www.chess.com"]

[Event "Late Titled Tuesday Blitz February 8 2022"]
[White "Ambartsumova, Karina"]
[Black "Jaskolka, Tomasz"]
[WhiteFideId "4166299"]
[BlackFideId "1170791"]
[WhiteElo "2262"]
[BlackElo "2054"]
[Result "1/2-1/2"]
[Round "06"]
[TimeControl "180+1"]
[Date "2022.02.09"]
[WhiteClock "0:00:02"]
[BlackClock "0:00:03"]

1. c4 g6 2. Nf3 Bg7 3. g3 Nf6 4. Bg2 d5 5. cxd5 Nxd5 6. Nc3 Nxc3 7. dxc3 O-O 8. Qc2 Nc6 9. O-O e5 10. Rd1 Qe7 11. e4 Bg4 12. h3 Bxf3 13. Bxf3 Nd8 14. Be3 Ne6 15. b4 Rfd8 16. Rxd8+ Rxd8 17. Rd1 b6 18. a4 Rxd1+ 19. Qxd1 Qd8 20. Qd5 Bf6 21. a5 Kg7 22. h4 h6 23. Qb7 Qd3 24. Qxa7 Qxc3 25. axb6 cxb6 26. Qxb6 Nd4 27. Kg2 Nc2 28. Bxh6+ Kxh6 29. Qxf6 Ne1+ 30. Kh3 Kh7 31. Qxf7+ Kh6 32. Qf8+ Kh7 33. Bg4 Qd3 34. Qe7+ Kh6 35. Qg5+ Kh7 36. Qe7+ Kh6 37. Bf5 Qf1+ 38. Kg4 Qe2+ 39. Kh3 Qf1+ 40. Kg4 Qe2+ 41. Kh3 gxf5 42. Qf6+ Kh7 43. Qxf5+ Kg7 44. Qxe5+ Kf7 45. Qf5+ Ke7 46. Qg5+ Kf7 47. Qf4+ Ke7 48. Qe5+ Kf7 49. Qf5+ Ke7 50. Qg5+ Kf7 51. Qd5+ Ke7 52. Qc5+ Kf7 53. Qf5+ 1/2-1/2


[Site "https://www.chess.com"]

[Event "Late Titled Tuesday Blitz February 8 2022"]
[White "Andreikin, Dmitry"]
[Black "Pichot, Alan"]
[WhiteFideId "4158814"]
[BlackFideId "110973"]
[WhiteElo "2736"]
[BlackElo "2543"]
[Result "0-1"]
[Round "06"]
[TimeControl "180+1"]
[Date "2022.02.08"]
[WhiteClock "0:00:20"]
[BlackClock "0:00:25"]

1. d4 Nf6 2. c4 e6 3. Nf3 d5 4. Nc3 dxc4 5. e4 b5 6. e5 Nfd7 7. Nxb5 Nb6 8. Be2 Nc6 9. O-O Be7 10. Qd2 Bb7 11. Rd1 Qd7 12. a4 a5 13. Na3 Ba6 14. Qc2 Nb4 15. Qe4 O-O 16. Ng5 Bxg5 17. Bxg5 Nxa4 18. Nxc4 Bxc4 19. Bxc4 Nxb2 20. Ra3 Nxc4 21. Bf6 Nd6 22. Qg4 Ne8 23. Qxg7+ Nxg7 24. Rg3 Qd8 25. Rc1 Nd5 26. Bxg7 Qh4 0-1


[Site "https://www.chess.com"]

[Event "Late Titled Tuesday Blitz February 8 2022"]
[White "Araujo, Everson De Moura"]
[Black "Golubovskis, Maksims"]
[WhiteFideId "22737197"]
[BlackFideId "11608528"]
[WhiteElo "1861"]
[BlackElo "2066"]
[Result "1-0"]
[Round "06"]
[TimeControl "180+1"]
[Date "2022.02.09"]
[WhiteClock "0:01:20"]
[BlackClock "0:00:01"]

1. Nf3 Nf6 2. b3 d5 3. Bb2 c5 4. e3 Bf5 5. Be2 e6 6. O-O Bd6 7. Nh4 Bg6 8. c4 Bc7 9. d4 Qd6 10. g3 Nc6 11. dxc5 Qxc5 12. Nc3 O-O-O 13. cxd5 Nxd5 14. Nxd5 Rxd5 15. Qc1 Qd6 16. Bf3 Rd3 17. Bxg7 Rg8 18. Bf6 Bf5 19. Nxf5 exf5 20. Bh4 Qh6 21. Kh1 f4 22. Bxc6 bxc6 23. exf4 Qh5 24. Qxc6 Rg6 25. Qa8+ Kd7 26. Rfe1 Qf3+ 27. Qxf3 Rxf3 28. Re7+ Kd6 29. Rd1+ Kc6 30. Rc1+ Kb6 31. Rexc7 Rxf2 32. R1c2 Rf1+ 33. Kg2 Rd1 34. Be7 Rd5 35. Bb4 Rb5 36. a3 a5 37. Be7 Re6 38. Bd8 Rxb3 39. Re7+ 1-0


[Site "https://www.chess.com"]

[Event "Late Titled Tuesday Blitz February 8 2022"]
[White "Ardila, Oscar Humberto"]
[Black "Ishbaev, Alibek"]
[WhiteFideId "4404742"]
[BlackFideId "14205017"]
[WhiteElo "1898"]
[BlackElo "2374"]
[Result "1/2-1/2"]
[Round "06"]
[TimeControl "180+1"]
[Date "2022.02.09"]
[WhiteClock "0:00:13"]
[BlackClock "0:01:10"]

1. d4 g6 2. c4 Bg7 3. Nc3 c5 4. Nf3 cxd4 5. Nxd4 Nc6 6. e3 Nf6 7. Be2 O-O 8. O-O Nxd4 9. exd4 d5 10. c5 b6 11. b4 a5 12. Ba3 axb4 13. Bxb4 bxc5 14. Bxc5 Nd7 15. Bb4 Bb7 16. Rb1 Re8 17. Bb5 e6 18. a4 Ba6 19. Qd3 Bxb5 20. axb5 Nb6 21. Bc5 Na4 22. Nxa4 Rxa4 23. b6 Qd7 24. b7 Rb8 25. Qb3 Bxd4 26. Bxd4 Rxd4 27. Rfc1 Rc4 28. Rxc4 dxc4 29. Qxc4 Rxb7 30. Rc1 h5 31. h3 Rb2 32. Qc8+ Qxc8 33. Rxc8+ Kg7 34. g3 h4 35. g4 g5 36. Kg2 Rb4 37. Rc5 Kg6 38. Rc7 f5 39. gxf5+ exf5 40. Rc6+ Kh5 41. Rc8 Rb6 42. Rh8+ Rh6 43. Rf8 Kg6 44. Rg8+ Kf6 45. Rf8+ Ke5 46. Re8+ Kf4 47. Rb8 g4 48. Rb4+ Kg5 49. Rb8 Rg6 50. Rb4 Kh5 51. Rb5 Rg5 52. Rb8 g3 53. Rh8+ Kg6 54. Rg8+ Kf6 55. Rxg5 Kxg5 56. fxg3 Kh5 57. Kf3 Kg5 58. Kf2 f4 59. gxf4+ Kxf4 60. Kg2 Ke3 61. Kg1 Kf3 62. Kh2 Kf2 63. Kh1 Kg3 64. Kg1 Kxh3 65. Kh1 Kg3 66. Kg1 h3 67. Kh1 h2 1/2-1/2


[Site "https://www.chess.com"]

[Event "Late Titled Tuesday Blitz February 8 2022"]
[White "Bauer, Thomas"]
[Black "Dias, Joao Batista"]
[WhiteFideId "1639293"]
[BlackFideId "2108240"]
[WhiteElo "2220"]
[BlackElo "1898"]
[Result "1-0"]
[Round "06"]
[TimeControl "180+1"]
[Date "2022.02.09"]
[WhiteClock "0:00:22"]
[BlackClock "0:00:02"]

1. d4 d5 2. Nf3 c6 3. Bf4 Bf5 4. e3 e6 5. Be2 Nf6 6. O-O Bd6 7. Bxd6 Qxd6 8. Nbd2 O-O 9. c4 Nbd7 10. Rc1 Rac8 11. Nh4 Bg6 12. f4 Qe7 13. Nxg6 hxg6 14. Bf3 Rfd8 15. a3 a6 16. Qb3 b5 17. c5 Nf8 18. Kh1 N8h7 19. g4 g5 20. Rf2 g6 21. Rcf1 Kg7 22. Bd1 Rf8 23. Qd3 gxf4 24. exf4 Nd7 25. Nf3 Rh8 26. Bc2 Qf6 27. Ne5 Qe7 28. f5 Nxe5 29. dxe5 exf5 30. gxf5 Qxe5 31. fxg6 Ng5 32. gxf7 Qe4+ 33. Rg2 Kf8 34. Qg3 Qxg2+ 35. Qxg2 Nxf7 36. Qg3 Re8 37. Qd6+ Re7 38. Qxc6 Rh7 39. Bxh7 1-0


[Site "https://www.chess.com"]

[Event "Late Titled Tuesday Blitz February 8 2022"]
[White "Bernat, David"]
[Black "Baches Garcia, Guillermo"]
[WhiteFideId "2099225"]
[BlackFideId "2209764"]
[WhiteElo "2288"]
[BlackElo "2445"]
[Result "1/2-1/2"]
[Round "06"]
[TimeControl "180+1"]
[Date "2022.02.09"]
[WhiteClock "0:00:07"]
[BlackClock "0:00:15"]

1. c4 e5 2. g3 Nf6 3. Bg2 d5 4. cxd5 Nxd5 5. Nc3 Nb6 6. Nf3 Nc6 7. d3 Be7 8. O-O O-O 9. a3 Re8 10. b4 Bf8 11. Bb2 a5 12. b5 Nd4 13. e3 Nf5 14. Ne4 f6 15. Rc1 a4 16. Qc2 Re7 17. Rfd1 Nd6 18. Nxd6 Qxd6 19. e4 Be6 20. Qe2 Bb3 21. Rd2 Qe6 22. d4 Bc4 23. Qe3 exd4 24. Nxd4 Qf7 25. Nf5 Rd7 26. Rxd7 Qxd7 27. Bd4 Bxb5 28. Bh3 Qf7 29. Bxb6 cxb6 30. Qxb6 Bc6 31. Nd4 Re8 32. Nxc6 bxc6 33. Qxc6 Bxa3 34. Rd1 Bf8 35. Qxa4 g6 36. Qc6 Re7 37. Rd8 Kg7 38. Rd7 Rxd7 39. Bxd7 Qe7 40. Be6 Qd6 41. Qxd6 Bxd6 42. Bd5 Be5 43. Kg2 g5 44. f3 h5 45. Kf2 h4 46. gxh4 gxh4 47. h3 Kh6 48. Ke3 Kg5 49. Be6 Bf4+ 50. Kd4 Be5+ 51. Ke3 Bf4+ 52. Kd4 Be5+ 53. Ke3 1/2-1/2


[Site "https://www.chess.com"]

[Event "Late Titled Tuesday Blitz February 8 2022"]
[White "Bettalli, Francesco"]
[Black "Janaszak, Dawid"]
[WhiteFideId "2816453"]
[BlackFideId "1119206"]
[WhiteElo "2216"]
[BlackElo "2199"]
[Result "0-1"]
[Round "06"]
[TimeControl "180+1"]
[Date "2022.02.09"]
[WhiteClock "0:01:32"]
[BlackClock "0:01:23"]

1. d4 Nf6 2. Nc3 b5 3. Nxb5 Bb7 4. f3 e5 5. dxe5 Nh5 6. g3 Bc5 7. e3 Nc6 8. Bg2 Nxe5 9. Nh3 a6 10. Nc3 d5 11. O-O d4 12. exd4 Qxd4+ 13. Qxd4 Bxd4+ 14. Kh1 O-O-O 15. Nf4 Nf6 16. Nfe2 Bb6 17. Bg5 Nc4 18. b3 Nd2 19. Bxd2 Rxd2 20. Rac1 Re8 21. Nf4 g5 22. Nd3 Ng4 23. Rfd1 Rxd3 24. Rxd3 Nf2+ 0-1


[Site "https://www.chess.com"]

[Event "Late Titled Tuesday Blitz February 8 2022"]
[White "Beulen, Marcel"]
[Black "Villegas, Pierre"]
[WhiteFideId "1001450"]
[BlackFideId "654183"]
[WhiteElo "2362"]
[BlackElo "2410"]
[Result "1/2-1/2"]
[Round "06"]
[TimeControl "180+1"]
[Date "2022.02.09"]
[WhiteClock "0:00:38"]
[BlackClock "0:00:20"]

1. e4 c6 2. Nc3 d5 3. f4 dxe4 4. Nxe4 Nf6 5. Nf2 g6 6. Nf3 Bg7 7. g3 O-O 8. Bg2 c5 9. O-O Nc6 10. d3 Qc7 11. Be3 b6 12. c3 Rd8 13. Qe2 Bb7 14. Rad1 e6 15. Rfe1 Rd7 16. a3 a5 17. h3 a4 18. Kh2 Rad8 19. Rd2 Na5 20. Rdd1 Nd5 21. Ne4 Nxe3 22. Qxe3 Ba6 23. Bf1 Nc4 24. Qf2 Nd6 25. Nxd6 Rxd6 26. Qe3 Bb7 27. Bg2 Qd7 28. Bf1 Qb5 29. Rd2 Qc6 30. Bg2 Qd7 31. Red1 Qc7 32. d4 Bxf3 33. Bxf3 cxd4 34. cxd4 Qd7 35. d5 exd5 36. Rxd5 Rxd5 37. Rxd5 Qc7 38. Rxd8+ Qxd8 39. Bc6 Qd4 40. Qxd4 Bxd4 41. Bxa4 Bxb2 42. Bb3 Bxa3 43. g4 1/2-1/2


[Site "https://www.chess.com"]

[Event "Late Titled Tuesday Blitz February 8 2022"]
[White "Burke, Paul"]
[Black "Devagharan, Devina"]
[WhiteFideId "2605767"]
[BlackFideId "2061600"]
[WhiteElo "1822"]
[BlackElo "2215"]
[Result "1-0"]
[Round "06"]
[TimeControl "180+1"]
[Date "2022.02.09"]
[WhiteClock "0:00:11"]
[BlackClock "0:00:04"]

1. e4 d5 2. exd5 Qxd5 3. d4 Nf6 4. c4 Qd6 5. Nc3 c6 6. Nf3 Bg4 7. Be2 e6 8. Be3 Be7 9. h3 Bh5 10. Ne5 Bxe2 11. Qxe2 O-O 12. f4 Qd8 13. g4 Nbd7 14. O-O-O Bb4 15. Qc2 Bxc3 16. Qxc3 Nb6 17. Qc2 Qc7 18. h4 Rad8 19. h5 Nfd7 20. g5 c5 21. g6 fxg6 22. hxg6 h6 23. Nf7 Rde8 24. Nxh6+ gxh6 25. Rxh6 Rf5 26. Rh7 Qc6 27. d5 Qd6 28. Qh2 Nf6 29. Rf7 1-0


[Site "https://www.chess.com"]

[Event "Late Titled Tuesday Blitz February 8 2022"]
[White "Calcada, Lucas Galvan"]
[Black "Li, Hui"]
[WhiteFideId "22746099"]
[BlackFideId "15400310"]
[WhiteElo "1402"]
[BlackElo "1954"]
[Result "0-1"]
[Round "06"]
[TimeControl "180+1"]
[Date "2022.02.09"]
[WhiteClock "0:00:04"]
[BlackClock "0:00:04"]

1. d4 Nf6 2. c4 e6 3. Nc3 d5 4. Qc2 Be7 5. Bg5 O-O 6. e3 h6 7. Bh4 Ne4 8. Bxe7 Qxe7 9. Nge2 c6 10. Nf4 Nd7 11. f3 Qh4+ 12. g3 Nxg3 13. hxg3 Qxh1 14. O-O-O Qxf3 15. Ng2 e5 16. cxd5 exd4 17. exd4 cxd5 18. Nh4 Qxg3 19. Nf5 Qg5+ 20. Kb1 Nb6 21. Bd3 Bxf5 22. Bxf5 Nc4 23. Nxd5 Ne3 24. Nxe3 Qxe3 25. d5 Rfd8 26. d6 Qe5 27. d7 a5 28. Rg1 Qf6 29. a4 b5 30. axb5 Rab8 31. Qc5 Qb6 32. Qxb6 Rxb6 33. Re1 Rbb8 34. Ka2 g6 35. Be4 Kg7 36. Bc6 Kf6 37. Ka3 h5 38. Ka4 h4 39. Kxa5 g5 40. Rf1+ Kg6 41. b6 g4 42. b7 f5 43. Kb6 Kg5 44. Kc7 f4 45. b4 f3 46. b5 h3 47. b6 h2 48. Bd5 Kf4 49. Bc6 Kg3 50. Rd1 Kg2 51. Rd4 h1=Q 52. Rxg4+ Kf2 53. Rf4 Qh2 54. Bxf3 Qxf4+ 55. Kc6 Qxf3+ 56. Kc5 Qxb7 57. Kc4 Qxb6 58. Kc3 Rxd7 59. Kc2 Rc8# 0-1


[Site "https://www.chess.com"]

[Event "Late Titled Tuesday Blitz February 8 2022"]
[White "Carbone, Diego"]
[Black "Buscar, Michael"]
[WhiteFideId "3002179"]
[BlackFideId "2603616"]
[WhiteElo "2199"]
[BlackElo "2010"]
[Result "0-1"]
[Round "06"]
[TimeControl "180+1"]
[Date "2022.02.09"]
[WhiteClock "0:00:03"]
[BlackClock "0:00:06"]

1. d4 Nf6 2. c4 e6 3. Nc3 d5 4. Nf3 Be7 5. g3 a6 6. Bg2 O-O 7. O-O c6 8. b3 Nbd7 9. Bb2 Re8 10. Qc2 Bd6 11. e4 dxe4 12. Nxe4 Nxe4 13. Qxe4 c5 14. dxc5 Nxc5 15. Qe3 Qc7 16. Rfd1 Bf8 17. Be5 Qb6 18. Rab1 a5 19. a3 Ra6 20. b4 axb4 21. axb4 Nd7 22. c5 Qa7 23. Bd4 Ra3 24. c6 Qa4 25. cxd7 Rxe3 26. dxe8=Q Qxe8 27. Bxe3 Bd7 28. Ne5 Ba4 29. Rd2 f6 30. Nc4 Qg6 31. Rbb2 b5 32. Nd6 h5 33. Be4 Qg4 34. f3 Qh3 35. Nb7 h4 36. Bf2 f5 37. Bc6 Kf7 38. Nc5 hxg3 39. hxg3 Be7 40. Nxa4 bxa4 41. Bxa4 Bf6 42. Rbc2 Qh5 43. Bc6 Be5 44. f4 Bf6 45. b5 g5 46. b6 gxf4 47. gxf4 Qg4+ 48. Bg2 Qxf4 49. b7 Be5 50. Rd7+ Kf6 51. Rc8 Qb4 52. Rdd8 f4 53. b8=Q Bxb8 54. Rxb8 Qa3 55. Rf8+ Ke5 56. Rfd8 Qc1+ 57. Bf1 f3 58. Bd4+ Ke4 59. Rb4 Qg5+ 60. Kf2 Qd2+ 61. Kg3 Qxb4 62. Kh3 e5 63. Bf2 Qb2 64. Re8 Qxf2 65. Re7 Qxf1+ 66. Kg3 Qg2+ 67. Kh4 f2 68. Kh5 f1=Q 69. Rxe5+ Kxe5 70. Kh6 Qfh1# 0-1


[Site "https://www.chess.com"]

[Event "Late Titled Tuesday Blitz February 8 2022"]
[White "Caruana, Fabiano"]
[Black "Dourerassou, Jonathan"]
[WhiteFideId "2020009"]
[BlackFideId "628050"]
[WhiteElo "2744"]
[BlackElo "2513"]
[Result "1-0"]
[Round "06"]
[TimeControl "180+1"]
[Date "2022.02.08"]
[WhiteClock "0:00:18"]
[BlackClock "0:00:10"]

1. d4 d5 2. Bf4 Nf6 3. e3 g6 4. Nd2 Bg7 5. c3 O-O 6. Be2 c6 7. h4 h6 8. g4 Ne4 9. Nxe4 dxe4 10. Qc2 Qd5 11. Bg3 Nd7 12. Nh3 e5 13. b3 exd4 14. exd4 Re8 15. O-O-O Nb6 16. Nf4 Qa5 17. Kb1 Nd5 18. Nxd5 cxd5 19. Bf4 Be6 20. Be3 Rec8 21. Rc1 b5 22. Qd2 Kh7 23. f4 exf3 24. Bxf3 Qb6 25. Be2 a5 26. Bd3 Bxg4 27. h5 Bf5 28. Rcg1 Bxd3+ 29. Qxd3 b4 30. hxg6+ fxg6 31. Bxh6 Rxc3 32. Qd2 Kg8 33. Bxg7 Kxg7 34. Qh6+ Kf7 35. Qh7+ Ke8 36. Qg8+ Kd7 37. Rh7+ Kc6 38. Qxa8+ 1-0


[Site "https://www.chess.com"]

[Event "Late Titled Tuesday Blitz February 8 2022"]
[White "Chabris, Christopher"]
[Black "Vargas Pereda, Jesus Manue"]
[WhiteFideId "2005263"]
[BlackFideId "5115710"]
[WhiteElo "2301"]
[BlackElo "1748"]
[Result "0-1"]
[Round "06"]
[TimeControl "180+1"]
[Date "2022.02.09"]
[WhiteClock "0:00:02"]
[BlackClock "0:00:04"]

1. e4 c6 2. d4 d5 3. e5 Bf5 4. Nf3 e6 5. Be2 c5 6. Be3 cxd4 7. Nxd4 Bg6 8. O-O Nc6 9. Bb5 Ne7 10. c4 a6 11. Ba4 dxc4 12. Nxc6 Nxc6 13. Bxc6+ bxc6 14. Qa4 Qd5 15. Nc3 Qd7 16. Rfd1 Qb7 17. Qxc4 Be7 18. b3 O-O 19. Bc5 Rfd8 20. Bxe7 Qxe7 21. Na4 a5 22. Qxc6 Rdc8 23. Qd6 Qg5 24. Qd4 h6 25. f4 Qe7 26. Nb6 Qc5 27. Nxc8 Qxc8 28. Rac1 Qb7 29. Rc5 Be4 30. Rd2 Bd5 31. h3 a4 32. bxa4 Qb1+ 33. Kh2 Rb8 34. Rdc2 Rb4 35. Qd3 g6 36. Rc8+ Kg7 37. R8c7 Rxf4 38. Qe3 Qf1 0-1


[Site "https://www.chess.com"]

[Event "Late Titled Tuesday Blitz February 8 2022"]
[White "Cunha, Lucas Aguiar"]
[Black "Beerdsen, Thomas"]
[WhiteFideId "2125404"]
[BlackFideId "1030108"]
[WhiteElo "2361"]
[BlackElo "2585"]
[Result "0-1"]
[Round "06"]
[TimeControl "180+1"]
[Date "2022.02.09"]
[WhiteClock "0:00:29"]
[BlackClock "0:01:27"]

1. e4 e5 2. Nf3 Nc6 3. Nc3 Nf6 4. Bb5 Bd6 5. d3 O-O 6. a3 Re8 7. g4 Nxg4 8. Rg1 Nf6 9. Bh6 g6 10. Bc4 Bf8 11. Qd2 Nd4 12. Nxd4 exd4 13. Nd5 Nxd5 14. Bxd5 c6 15. Bb3 Bxh6 16. Qxh6 Qa5+ 17. c3 d5 18. Rc1 dxc3 19. bxc3 Be6 20. a4 dxe4 21. Bxe6 Rxe6 22. d4 Rae8 23. Qe3 Qxa4 24. h4 h5 25. Rg5 Qa3 26. Ke2 Rf6 27. Rcg1 Rf3 28. Qd2 Rxf2+ 0-1


[Site "https://www.chess.com"]

[Event "Late Titled Tuesday Blitz February 8 2022"]
[White "Daggupati, Balaji"]
[Black "Demchenko, Anton"]
[WhiteFideId "2090759"]
[BlackFideId "4160258"]
[WhiteElo "2743"]
[BlackElo "2539"]
[Result "0-1"]
[Round "06"]
[TimeControl "180+1"]
[Date "2022.02.08"]
[WhiteClock "0:00:03"]
[BlackClock "0:00:05"]

1. e4 e5 2. Nf3 Nc6 3. Bb5 a6 4. Ba4 Nge7 5. O-O Ng6 6. c3 d6 7. d4 Bd7 8. dxe5 dxe5 9. Be3 Bd6 10. Nbd2 b5 11. Bb3 O-O 12. a4 Rb8 13. axb5 axb5 14. Re1 h6 15. h3 Qf6 16. Nf1 b4 17. Ng3 bxc3 18. bxc3 Rfe8 19. Ra6 Ra8 20. Rxa8 Rxa8 21. Qd5 Rb8 22. Ba2 Rb2 23. Bc1 Be6 24. Qxe6 fxe6 25. Bxb2 Kh7 26. Bc1 Bc5 27. Rd1 Nh4 28. Rd3 Nxf3+ 29. Rxf3 Qe7 30. Nh5 Bb6 31. Bb3 Na5 32. Ba2 Nb7 33. Bc4 Nd6 34. Be2 Ne8 35. Ng3 Nf6 36. Rd3 Qe8 37. Be3 Bxe3 38. Rxe3 Qa4 39. Kh2 Qc2 40. Kg1 Qd2 41. Bf1 Qb2 42. Rd3 Kg8 43. Re3 Kf7 44. Ne2 Ke7 45. Ng3 Qd2 46. Rd3 Qb2 47. Re3 Nd7 48. Rf3 Nc5 49. Nh5 Nxe4 50. Nxg7 Nd2 51. Re3 Qb1 52. Rxe5 Nxf1 0-1


[Site "https://www.chess.com"]

[Event "Late Titled Tuesday Blitz February 8 2022"]
[White "Daianu, Cristian-Clement"]
[Black "Milosevic, Milos"]
[WhiteFideId "1208926"]
[BlackFideId "964875"]
[WhiteElo "2159"]
[BlackElo "2198"]
[Result "0-1"]
[Round "06"]
[TimeControl "180+1"]
[Date "2022.02.09"]
[WhiteClock "0:00:11"]
[BlackClock "0:00:41"]

1. d4 f5 2. Nc3 Nf6 3. Bg5 d5 4. Bxf6 exf6 5. e3 Nc6 6. Nge2 Be6 7. Ng3 Qd7 8. Bd3 g6 9. h4 h5 10. Nce2 O-O-O 11. Nf4 Bf7 12. Qe2 Kb8 13. O-O-O Bd6 14. Nh3 Rde8 15. Qd2 Nb4 16. a3 Qa4 17. Kb1 Nxd3 18. Qxd3 Bxg3 19. fxg3 Re6 20. Nf4 Rb6 21. Qc3 Rd8 22. Nd3 Rdd6 23. Nc5 Qb5 24. Rhf1 Qe2 25. Qd2 Qb5 26. Qc3 Qe8 27. Rd3 Rbc6 28. Qd2 Rd8 29. Rb3 b6 30. Qd3 Ka8 31. Qa6 Rb8 32. Nd3 Rc4 33. Rb4 Qxe3 34. Rxc4 dxc4 35. Nb4 Qe2 36. Rc1 Be8 37. d5 Qxg2 38. Re1 Qxg3 39. Re7 c3 40. b3 Qg1+ 41. Ka2 Qc1 0-1


[Site "https://www.chess.com"]

[Event "Late Titled Tuesday Blitz February 8 2022"]
[White "Debray, Christopher"]
[Black "Sarkar, Justin"]
[WhiteFideId "630810"]
[BlackFideId "2010011"]
[WhiteElo "2369"]
[BlackElo "2038"]
[Result "0-1"]
[Round "06"]
[TimeControl "180+1"]
[Date "2022.02.09"]
[WhiteClock "0:00:02"]
[BlackClock "0:00:02"]

1. d4 Nf6 2. c4 e6 3. g3 c5 4. Nf3 cxd4 5. Nxd4 Nc6 6. Bg2 Bc5 7. Nb3 Bb4+ 8. Bd2 Be7 9. Nc3 O-O 10. O-O b6 11. Bf4 Bb7 12. Bd6 Bxd6 13. Qxd6 Ne8 14. Qf4 d6 15. Rfd1 Qe7 16. Rd2 Ne5 17. Rc1 Bxg2 18. Kxg2 Rc8 19. Nd1 Nf6 20. Ne3 Rc7 21. Rcd1 Rfc8 22. Rxd6 Nxc4 23. Nxc4 Rxc4 24. Rd8+ Rxd8 25. Rxd8+ Qxd8 26. Qxc4 Qd5+ 27. Qxd5 Nxd5 28. Kf3 Kf8 29. Ke4 Ke7 30. f4 Nb4 31. a3 Nc6 32. Nd4 Nxd4 33. Kxd4 Kd6 34. e4 f6 35. Kc4 Kc6 36. a4 a6 37. Kd4 Kd6 38. e5+ fxe5+ 39. fxe5+ Kc6 40. b3 g6 41. h3 h6 42. h4 h5 43. Kc4 b5+ 0-1


[Site "https://www.chess.com"]

[Event "Late Titled Tuesday Blitz February 8 2022"]
[White "Djokic, Mihailo"]
[Black "Smirnov, Pavel"]
[WhiteFideId "976440"]
[BlackFideId "4123425"]
[WhiteElo "2008"]
[BlackElo "2571"]
[Result "0-1"]
[Round "06"]
[TimeControl "180+1"]
[Date "2022.02.09"]
[WhiteClock "0:00:01"]
[BlackClock "0:00:13"]

1. d4 Nf6 2. Nf3 e6 3. g3 d5 4. Bg2 Be7 5. O-O O-O 6. c4 c6 7. Nc3 Nbd7 8. Re1 dxc4 9. a4 a5 10. e4 Bb4 11. Bd2 c5 12. d5 exd5 13. Nxd5 Nxd5 14. exd5 Nf6 15. Re5 Nxd5 16. Bg5 Nf6 17. Qc1 Be6 18. Rxe6 fxe6 19. Qxc4 Qd5 20. Qb5 Ne4 21. Be3 c4 22. Nd4 c3 23. bxc3 Bxc3 24. Rd1 Rfd8 25. Qxd5 exd5 26. Ne6 Rdc8 27. Rxd5 Nf6 28. Rg5 Re8 29. Nc7 Rxe3 30. fxe3 Rc8 31. Ne6 g6 32. Bxb7 Re8 33. Nf4 Rxe3 34. Rc5 Bd4 35. Rc8+ Kf7 36. Rc7+ Ke8 37. Kg2 g5 38. Rc8+ Kd7 39. Nh3 Re2+ 40. Kf3 Rb2 41. Nxg5 Rf2# 0-1


[Site "https://www.chess.com"]